 Dungeon Crawl Stone Soup version 0.28.0 (webtiles) character file.

Game seed: 2719641005747930200

16 sanka the Magician (level 2, 16/16 HPs)
             Began as a Deep Elf Transmuter on Feb 8, 2022.
             Was a Follower of Nemelex Xobeh.
             Quit the game on level 1 of the Dungeon.
             The game lasted 00:00:56 (1006 turns).

sanka the Magician (Deep Elf Transmuter)            Turns: 1006, Time: 00:00:57

Health: 16/16      AC:  2    Str:  7    XL:     2   Next: 37%
Magic:  9/9        EV: 12    Int: 17    God:    Nemelex Xobeh [*.....]
Gold:   42         SH:  0    Dex: 15    Spells: 8/9 levels left

rFire   . . .      SeeInvis .     - Unarmed
rCold   . . .      Faith    .   (no shield)
rNeg    . . .      Spirit   .   a - +0 robe
rPois   .          Reflect  .   (no helmet)
rElec   .          Harm     .   (no cloak)
rCorr   .          Rampage  .   (no gloves)
Will    .....                   (no boots)
Stlth   +.........              (no amulet)
HPRegen 0.05/turn               (no ring)
MPRegen 0.11/turn               (no ring)

@: no status effects
A: no striking features
a: Renounce Religion, Draw Escape, Draw Destruction, Draw Summoning


You were on level 1 of the Dungeon.
You worshipped Nemelex Xobeh.
Nemelex Xobeh was aware of your devotion.
You visited 1 branch of the dungeon, and saw 1 of its levels.

You collected 42 gold pieces.

Inventory:

Armour
 a - a +0 robe (worn)
Scrolls
 b - a scroll of vulnerability {unknown}
 c - a scroll of summoning {unknown}
 d - a scroll of holy word {unknown}
 e - a scroll of identify {unknown}
Potions
 f - a potion of curing {unknown}


   Skills:
 - Level 0.7 Fighting
 - Level 2.4 Dodging
 - Level 2.4 Unarmed Combat
 + Level 4.3 Spellcasting
 - Level 2.1 Transmutations


You had 8 spell levels left.
You knew the following spells:

 Your Spells              Type           Power      Damage    Failure   Level
a - Beastly Appendage     Tmut           22%        N/A       6%          1

Your spell library contained the following spells:

 Spells                   Type           Power      Damage    Failure   Level
 Wereblood                Tmut           11%        N/A       10%         2
 Spider Form              Tmut/Pois      7%         N/A       28%         3
 Ice Form                 Ice/Tmut       7%         N/A       67%         4
 Animate Dead             Necr           1%         N/A       83%         4
 Borgnjor's Vile Clutch   Necr/Erth      1%         N/A       99%         5
 Death Channel            Necr           1%         N/A       100%        6


Dungeon Overview and Level Annotations

Branches:
Dungeon (1/15)

Altars:
Nemelex Xobeh


Message History

The endoplasm is heavily wounded.
The endoplasm freezes you.
You are frozen.
The ball python bites you but does no damage.
The ball python grabs you. The ball python constricts you.
You escape the ball python's grasp.
Your transformation is almost over.
You hit the endoplasm but do no damage.
The endoplasm is heavily wounded.
The endoplasm closely misses you.
You barely miss the endoplasm. You claw the endoplasm.
The endoplasm is severely wounded.
The endoplasm freezes you.
You are frozen.
You hit the endoplasm.
You kill the endoplasm!
You hit the ball python. You claw the ball python.
You kill the ball python!
Your horns disappear.
Your talons disappear.
You see here a ball python corpse.
You start resting.
HP restored.
You enter the shallow water.
Moving in this stuff is going to be slow.
Found 25 stones.
You enter the shallow water.
Moving in this stuff is going to be slow.
Found 5 poisoned darts.
Search for what [? for help]? altar You enter the shallow water.
Moving in this stuff is going to be slow.
There is a faded altar of an unknown god here.
You cannot tell which god this altar belongs to.
Convert to them anyway?
Nemelex Xobeh accepts your prayer! Nemelex Xobeh welcomes you!
You can now draw from decks of power.
Nemelex will now gift you decks of power as you gain piety.
Unknown command.
Press < or > to pray at altars.
Are you sure you want to abandon this character and quit the game? (Confirm with "yes".)

######..## #.#.###.#
#.### #
#..####.#...(.#####
#.### #
#..##...≈...≈..≈≈.#
#.... #
#..##..≈≈..≈..≈≈..#
#.(.. #
#..##.≈≈≈≈≈≈≈≈≈≈≈.#
#.... #
#..##..≈≈≈≈≈≈≈≈≈≈.# #
#....
#..##..≈≈≈≈≈≈≈≈≈.≈#
#.#....
#......≈≈≈♣≈♣≈≈≈≈.#
#.#>...
#.###.≈≈≈≈.@≈≈≈≈.≈#
#...... #.#
#≈.≈≈≈≈(♣≈≈≈≈.# ###.###
#.# #.≈≈≈≈≈≈≈≈≈≈≈.# #.#
#####.###..≈≈≈≈≈≈≈≈≈..#
#.#
#....#....≈≈≈≈≈≈≈≈≈≈.≈#
#.#
#.###.###≈.≈....≈...≈.#
#.# #.# #.#
#≈.≈..≈.......# #.###
##.###.#
#######..###### #....
#...##.#########..#
#####


There were no monsters in sight!

Vanquished Creatures
  2 ball pythons (D:1)
  4 endoplasms (D:1)
  A giant cockroach (D:1)
  2 hobgoblins (D:1)
  A kobold (D:1)
  3 rats (D:1)
13 creatures vanquished.

Notes
Turn   | Place    | Note
-------+----------+-------------------------------------------
     0 | D:1      | sanka the Deep Elf Transmuter began the quest for the Orb.
     0 | D:1      | Reached XP level 1. HP: 11/11 MP: 6/6
   567 | D:1      | Reached skill level 4 in Spellcasting
   567 | D:1      | Reached XP level 2. HP: 16/16 MP: 7/9
   844 | D:1      | Found a faded altar of an unknown god.
  1005 | D:1      | Prayed at the altar of an unknown god.
  1005 | D:1      | Became a worshipper of Nemelex Xobeh the Trickster
  1005 | D:1      | Reached * piety under Nemelex Xobeh
  1006 | D:1      | Quit the game

Illustrated notes

Levels and vault maps discovered:
D:1:      lightli_arrival_noodles, layout_loops_ring,
          chequers_ecumenical_altar_island, patterned_corridor

Skill      XL: |  1 |
---------------+----+-----
Spellcasting   | 4 |  4.3
Fighting       | |  0.7
Dodging        | |  2.4
Unarmed Combat | |  2.4
Transmutations | |  2.1

Action                   || total
-------------------------++-------
Melee: Unarmed           ||    36
       Kick              ||     7
       Headbutt          ||     4
 Cast: Beastly Appendage ||     8
Armor: Robe              ||     4
Dodge: Dodged            ||    15
